AoeStats
← davud

Arena

503818510Analyzed
1v1 RM · 1mo ago on Sep 2, 2026· 24m 0s· 2 players
Game mode
Random Map
Map size
Tiny (2 player)
Population
200
Speed
Normal
Resources
Standard
Victory
Conquest
Starting age
Dark Age
Ending age
Imperial Age
RankedLock teamsTeams togetherTeam positionsShared explorationLock speedFull tech treeHidden civsTurbo modeCheats
Victory
Defeat
🇨🇿 Spanish · Czechia
892
+15
🇮🇳 Persians · India
880
-15
Funesh
11:19 Feudal Age
14:33 Loom
17:09 Castle Age
15:56 Horse Collar
16:04 Double-Bit Axe
18:18 Wheelbarrow
19:40 Hand Cart
23:43 Bow Saw
davud
12:01 Feudal Age
16:49 Castle Age
15:24 Loom
15:40 Double-Bit Axe
15:38 Horse Collar
18:53 Bow Saw
24:40 Padded Archer Armor
Connection lost

Rejoining the realm…

Still unreachable

The connection could not be restored.

Session expired

The server has moved on; the page needs a fresh start.